 Dungeon Crawl Stone Soup version 0.23-a0-494-g91793a9 (webtiles) character file.

5106 emperorscorpion the Grappler (level 10, -7/141 HPs)
             Began as a Troll Berserker on Dec 4, 2018.
             Was an Elder of Trog.
             Mangled by a seven-headed hydra (14 damage)
             ... on level 11 of the Dungeon.
             The game lasted 00:07:49 (3680 turns).

emperorscorpion the Grappler (Troll Berserker)      Turns: 3680, Time: 00:07:50

Health: -7/141     AC:  5    Str: 35    XL:     10   Next: 32%
Magic:  9/9        EV: 12    Int:  3    God:    Trog [****..]
Gold:   262        SH:  0    Dex:  9    Spells: 9/9 levels left

rFire    . . .     SeeInvis .     - Unarmed
rCold    + . .     Gourm    +   (no shield)
rNeg     . . .     Faith    .   a - +0 animal skin
rPois    .         Spirit   .   (helmet restricted)
rElec    .         Reflect  .   (no cloak)
rCorr    .         Harm     .   (gloves unavailable)
MR       .....                  (boots unavailable)
Stlth    ..........             (no amulet)
HPRegen  0.73/turn              r - ring of protection from cold
MPRegen  0.11/turn              (no ring)

@: berserking, drained, very quick
A: large, unfitting armour, claws 3, fast metabolism 3, gourmand, regeneration
1, shaggy fur 1, tough skin 2
a: Berserk, Trog's Hand, Brothers in Arms, Renounce Religion


You were on level 11 of the Dungeon.
You worshipped Trog.
Trog was greatly pleased with you.
You were very full.

You visited 1 branch of the dungeon, and saw 11 of its levels.
You also visited: Ossuary.

You collected 262 gold pieces.

Inventory:

Missiles
 g - 9 tomahawks (quivered)
 y - 4 javelins
Armour
 a - a +0 animal skin (worn)
Jewellery
 r - a ring of protection from cold (left claw)
 z - a cursed -2 ring of strength {unknown}
Wands
 A - a wand of random effects (38)
 D - a wand of flame (20)
Scrolls
 d - 7 scrolls of remove curse {unknown}
 f - a scroll of enchant armour {unknown}
 l - 5 scrolls of identify {unknown}
 m - 2 scrolls of amnesia {unknown}
 n - 4 scrolls of enchant weapon {unknown}
 o - 2 scrolls of fog {unknown}
 q - 2 scrolls of fear {unknown}
 s - 2 scrolls of noise {unknown}
 v - a scroll of blinking {unknown}
 w - a scroll of teleportation {unknown}
Potions
 c - a potion of magic {unknown}
 e - 3 potions of heal wounds {unknown}
 h - 3 potions of degeneration {unknown}
 i - 4 potions of mutation {unknown}
 j - a potion of might {unknown}
 k - a potion of lignification {unknown}
 p - 3 potions of agility {unknown}
 t - 2 potions of haste {unknown}
 u - 2 potions of brilliance {unknown}
 B - a potion of curing {unknown}
Miscellaneous
 C - a lamp of fire
Comestibles
 b - 7 rations
 x - 6 chunks of flesh


   Skills:
 + Level 4.7 Fighting
 + Level 6.1 Dodging
 + Level 1.4(1.3) Stealth
 + Level 12.6(12.5) Unarmed Combat


You had 9 spell levels left.
You didn't know any spells.
Your spell library was empty.

Dungeon Overview and Level Annotations

Branches:
Dungeon (11/15)
 Temple: D:4-7         Lair: D:8-11         Orc: D:9-12

Altars:
Dithmenos
Nemelex Xobeh
Trog
Zin
The Shining One

Shops:
D:5 (


Innate Abilities, Weirdness & Mutations

You are too large for most types of armour.
You have claws for hands.
Your metabolism is lightning-fast.
You like to eat raw meat.
Your natural rate of healing is unusually fast.
You are covered in fur. (AC +1)
You have very tough skin. (AC +2)


Message History

The five-headed hydra bites you!
The five-headed hydra barely misses you.
The five-headed hydra bites you. The five-headed hydra bites you!
You tear one of the five-headed hydra's heads off!
The four-headed hydra grows two more!
You eviscerate the six-headed hydra!!!
The six-headed hydra is heavily wounded.
Unknown command.
You rip one of the six-headed hydra's heads off!
The five-headed hydra grows two more!
You claw the seven-headed hydra!
The seven-headed hydra is heavily wounded.
The orc barely misses you. The seven-headed hydra bites you! x2
The seven-headed hydra bites you but does no damage.
The seven-headed hydra bites you!
* * * LOW HITPOINT WARNING * * *
The seven-headed hydra bites you!
* * * LOW HITPOINT WARNING * * *
The seven-headed hydra bites you!
* * * LOW HITPOINT WARNING * * *
The seven-headed hydra bites you!
You die...

#.................
#..####.##.#..#..♣ #..#
#.##.#.....♣♣ ... #..#
#...........♣♣♣...
#..####.##.#.......D....
.########.))....##.#.##.......#
.......)...####.##.#.........o#.
.###..###..# #)##.#.##V........
#..###..# #@##.#.##.........
##.......####Do.o.)...........
..............V.....###........
...............................
###..#########.######.#..#...##
#.. #.# #.#..#...# ## #.# # #..#
.... #.# #.## .## #.# ... ##


You could see a seven-headed hydra, a vampire and 2 orcs.

Vanquished Creatures
  A death knight (D:11)
  A troll (D:11)
  A hornet (D:10)
  A meliai zombie (D:11)
  Eustachio (D:4)
  Grum (D:8)
  A phantom (D:10)
  5 orc warriors
  An ice beast (D:6)
  4 ogres
  3 black bears
  2 wolves (D:8)
  5 bullfrogs
  2 scorpions
  6 killer bees (D:10)
  4 wights (D:11)
  5 howler monkeys
  4 crimson imps
  2 bullfrog zombies
  2 centaur zombies (Ossuary)
  A hound (D:10)
  8 orc wizards
  2 bullfrog skeletons
  An iguana (D:10)
  A worker ant (D:9)
  A killer bee zombie (Ossuary)
  A hound skeleton (D:6)
  13 mummies (Ossuary)
  A howler monkey zombie (Ossuary)
  4 worker ant zombies
  7 adders
  An adder zombie (Ossuary)
  A dart slug (D:1)
  29 orcs
  A ball python (D:2)
  3 goblins (D:3)
  A hobgoblin (D:1)
  13 jackals
  3 bats
  2 frilled lizards
  2 jackal zombies (Ossuary)
  3 kobolds (D:3)
  3 leopard gecko zombies (Ossuary)
  A quokka skeleton (D:9)
  2 quokka zombies (Ossuary)
  2 rats
159 creatures vanquished.

Vanquished Creatures (collateral kills)
  An orc warrior (D:10)
  2 orc priests (D:10)
  An orc wizard (D:10)
  4 orcs (D:10)
8 creatures vanquished.

Vanquished Creatures (others)
  3 withered plants (Ossuary)
3 creatures vanquished.

Grand Total: 170 creatures vanquished

Notes
Turn   | Place    | Note
-------+----------+-------------------------------------------
     0 | D:1      | emperorscorpion the Troll Berserker began the quest for the
                  | Orb.
     0 | D:1      | Reached XP level 1. HP: 22/22 MP: 0/0
   239 | D:2      | Reached XP level 2. HP: 29/29 MP: 1/1
   358 | D:3      | Found a shadowy altar of Dithmenos.
   363 | D:3      | Reached XP level 3. HP: 34/36 MP: 2/2
   382 | D:3      | Found a glowing silver altar of Zin.
   415 | D:3      | Reached ** piety under Trog
   572 | D:4      | Noticed Eustachio
   575 | D:4      | Noticed an ogre
   582 | D:4      | Killed Eustachio
   582 | D:4      | Reached skill level 4 in Unarmed Combat
   582 | D:4      | Reached XP level 4. HP: 45/45 MP: 3/3
   582 | D:4      | Reached XP level 5. HP: 53/53 MP: 4/4
   585 | D:4      | Killed an ogre
   585 | D:4      | Reached skill level 5 in Unarmed Combat
   585 | D:4      | Reached XP level 6. HP: 61/61 MP: 5/5
   728 | D:4      | Found a sand-covered staircase.
   822 | D:4      | Found a sparkling altar of Nemelex Xobeh.
   868 | Ossuary  | Entered an ossuary
   886 | Ossuary  | Reached skill level 6 in Unarmed Combat
   942 | Ossuary  | Reached XP level 7. HP: 57/67 MP: 6/6
  1071 | Ossuary  | Reached skill level 7 in Unarmed Combat
  1217 | Ossuary  | Reached *** piety under Trog
  1385 | D:5      | Entered Level 5 of the Dungeon
  1588 | D:6      | Reached skill level 8 in Unarmed Combat
  1602 | D:5      | Reached XP level 8. HP: 64/75 MP: 7/7
  1694 | D:5      | Found Kudedeplis's Antique Weapon Shop.
  1883 | D:6      | Found a sparkling altar of Nemelex Xobeh.
  1990 | D:6      | Reached skill level 9 in Unarmed Combat
  2244 | D:8      | Found a glowing golden altar of the Shining One.
  2264 | D:8      | Noticed Grum
  2275 | D:8      | Reached skill level 10 in Unarmed Combat
  2278 | D:8      | Killed Grum
  2285 | D:8      | Reached XP level 9. HP: 23/84 MP: 8/8
  2463 | D:8      | Reached skill level 5 in Dodging
  2466 | D:8      | Reached skill level 1 in Stealth
  2480 | D:8      | Reached **** piety under Trog
  2545 | D:8      | Found a bloodstained altar of Trog.
  2619 | D:9      | Reached skill level 11 in Unarmed Combat
  2655 | D:10     | Entered Level 10 of the Dungeon
  3179 | D:11     | Noticed a death knight
  3198 | D:11     | Killed a death knight
  3198 | D:11     | Reached skill level 12 in Unarmed Combat
  3198 | D:11     | Reached XP level 10. HP: 70/94 MP: 9/9
  3654 | D:11     | Noticed a four-headed hydra
  3680 | D:11     | HP: 7/141 [seven-headed hydra (14)]
  3680 | D:11     | Mangled by a seven-headed hydra

Vault maps used:
D:1:      lightli_iron_boxes
D:2:      nicolae_overflow_hidden_temple
D:3:      grunt_dithmenos_smoke_and_mirrors, zin_academy, minmay_ogre_servants
D:4:      lemuel_crystal_altar, chequers_ossuary_entry_cave,
          makhleb_blood_cavern_becter, uniq_eustachio
D:5:      lemuel_temple_firewalk_b, serial_shops, nicolae_shop_statue_plus,
          first_ration
D:6:      nemelex_diamond_rough_becter, uniq_blork_the_orc, uniq_grinder
D:7:      serial_shops, nicolae_shop_overgrown_old_shop, the_bakery,
          uniq_crazy_yiuf_cottage
D:8:      trog_ov_bears_minmay, gammafunk_temple_overflow_pools,
          nicolae_tso_carved_into_rock, uniq_erica, uniq_grum
D:9:      nicolae_overflow_crystal_walls, uniq_psyche
D:10:     david_lair_shrubbed, tgw_xom, uniq_snorg
D:11:     david_orc_3, minivault_27
Ossuary:  ossuary_zaba_flooded

Skill      XL: |  1  2  3  4  5  6  7  8  9 10 |
---------------+-------------------------------+-----
Fighting       | 3 4 |  4.7
Dodging        | 3 4 5 6 |  6.1
Unarmed Combat | 4 5 6 8 10 12 | 12.6
Stealth        | 1 |  1.4

Action                   |  1- 3 |  4- 6 |  7- 9 | 10-12 || total
-------------------------+-------+-------+-------+-------++-------
Melee: Unarmed           |    83 |    39 |   296 |    53 ||   471
       Punch             |       |     2 |    10 |     3 ||    15
Invok: Berserk           |     3 |     1 |     8 |     3 ||    15
       Brothers in Arms  |       |       |     1 |       ||     1
  Eat: Chunk             |    13 |     5 |    28 |     8 ||    54
Armor: Animal skin       |    22 |     5 |    52 |    17 ||    96
Dodge: Dodged            |    28 |    19 |   143 |    32 ||   222

Table legend:
 A = Non-vault XP
 B = Vault XP
 C = Vault XP percentage of total XP
 D = Non-vault monster count
 E = Vault monster count
 F = Vault count percentage of total count
                 A         B        C        D         E       F
            +---------+---------+-------+---------+---------+-------
      Total |    5806 |    1489 |  20.4 |     129 |      38 |  22.8
            +---------+---------+-------+---------+---------+-------
        D:1 |       9 |       0 |   0.0 |       5 |       0 |   0.0
        D:2 |      31 |       0 |   0.0 |      11 |       0 |   0.0
        D:3 |      39 |       0 |   0.0 |      13 |       0 |   0.0
        D:4 |     353 |     188 |  34.8 |       7 |       1 |  12.5
        D:5 |     106 |       0 |   0.0 |       4 |       0 |   0.0
        D:6 |     797 |       0 |   0.0 |      19 |       0 |   0.0
        D:7 |     177 |       0 |   0.0 |       3 |       0 |   0.0
        D:8 |     608 |     666 |  52.3 |      12 |       5 |  29.4
        D:9 |     165 |       0 |   0.0 |       7 |       0 |   0.0
       D:10 |    1481 |       0 |   0.0 |      35 |       0 |   0.0
       D:11 |    2040 |      38 |   1.8 |      13 |       3 |  18.8
    Ossuary |       0 |     597 | 100.0 |       0 |      29 | 100.0
            +---------+---------+-------+---------+---------+-------
